 Dungeon Crawl Stone Soup version 0.20.1-1-g8b1a95d (webtiles) character file.

248 Ymberti the Magician (level 5, -6/28 HPs)
             Began as a Deep Elf Fire Elementalist on Sept 21, 2017.
             Killed by divine providence
             ... invoked by an orc priest
              (12 damage)
             ... on level 3 of the Dungeon.
             The game lasted 00:13:55 (3049 turns).

Ymberti the Magician (Deep Elf Fire Elementalist)   Turns: 3049, Time: 00:13:56

Health: -6/28      AC:  5    Str:  5    XL:     5   Next: 86%
Magic:  7/14       EV: 13    Int: 21    God:
Gold:   174        SH:  0    Dex: 15    Spells: 7/13 levels left

rFire    x . .     SeeInvis .   p - +0 dagger
rCold    + . .     Gourm    .   (no shield)
rNeg     . . .     Faith    .   a - +0 robe
rPois    .         Spirit   .   m - +0 helmet
rElec    .         Reflect  .   (no cloak)
rCorr    .         Harm     .   c - +0 pair of gloves
MR       .....                  d - +0 pair of boots (curse)
Stlth    ++........             (no amulet)
Regen    0.1/turn               j - ring of ice
MPRegen  0.2/turn               (no ring)

@: no status effects
A: no striking features
a: no special abilities


You were on level 3 of the Dungeon.
You were full.

You visited 1 branch of the dungeon, and saw 4 of its levels.

You collected 174 gold pieces.

Inventory:

Hand Weapons
 p - a +0 dagger (weapon)
Armour
 a - a +0 robe (worn)
 c - a +0 pair of gloves (worn)
 d - a cursed +0 pair of boots (worn)
 m - a +0 helmet (worn)
Jewellery
 j - a ring of ice (left hand)
Scrolls
 g - a scroll of amnesia {unknown}
 h - 2 scrolls of teleportation {unknown}
 k - a scroll of magic mapping {unknown}
 l - a scroll of random uselessness {unknown}
 n - a scroll of enchant weapon {unknown}
Potions
 e - a potion of cancellation {unknown}
 i - a potion of lignification {unknown}
 o - a potion of curing
Books
 b - a book of Flames

   Spells                             Type                      Level
   a - Flame Tongue                   Conjuration/Fire             1
   b - Throw Flame                    Conjuration/Fire             2
   c - Conjure Flame                  Conjuration/Fire             3
   d - Inner Flame                    Hexes/Fire                   3
   e - Sticky Flame                   Conjuration/Fire             4
   f - Fireball                       Conjuration/Fire             5


   Skills:
 + Level 0.7 Fighting
   Level 1.2 Polearms
 + Level 3.3 Dodging
 + Level 3.5 Stealth
 + Level 4.8 Spellcasting
 + Level 1.8 Conjurations
 + Level 4.7 Fire Magic


You had 7 spell levels left.
You knew the following spells:

 Your Spells              Type           Power        Failure   Level  Hunger
a - Flame Tongue          Conj/Fire      ###..        2%          1    None
b - Throw Flame           Conj/Fire      ###...       4%          2    None
c - Conjure Flame         Conj/Fire      ###.....     9%          3    ##.....


Dungeon Overview and Level Annotations

Branches:
Dungeon (4/15)
 Temple: D:4-7

Altars:
Gozag
Qazlal
Yredelemnul

Annotations:
D:3 Thaneod's ghost, amateur MiFi


Message History

The orc barely misses you.
Casting: Flame Tongue
Confirm with . or Enter, or press ? or * to list all spells.
You don't know that spell.
Casting: Flame Tongue
Confirm with . or Enter, or press ? or * to list all spells.
Aiming: Flame Tongue
Press: ? - help, Shift-Dir - straight line, f - orc priest, p - orc
Aim: an orc priest, wielding a short sword and wearing a leather armour The flame tongue hits the orc.
You kill the orc!
Casting: Flame Tongue
Confirm with . or Enter, or press ? or * to list all spells.
Aiming: Flame Tongue
Press: ? - help, Shift-Dir - straight line, f/p - orc priest
Aim: an orc priest, wielding a short sword and wearing a leather armour The flame tongue hits the orc priest.
The orc priest appears unharmed.
The orc priest invokes the aid of Beogh against you.
Beogh smites you!
You die...

###.#.#.#.######
#.#.#......# #
#.######.# #.#
#.# #.# #.# #.#
#.###### #.
#.#o...#
#.#o#.## #
#.#@#o# #.#
#.#.#.#
#...####.#.#o#
.#........#.#)#
.........##.#o#
.#.#.###.##.#.#
# #.##.#.#
#.##.#.#
#.##.#.#


You could see an orc priest and an orc.

Vanquished Creatures
  An orc priest (D:3)
  Terence (D:2)
  2 orc wizards
  A gnoll (D:1)
  4 adders
  An ooze (D:1)
  3 worms
  2 dart slugs
  3 leopard geckos
  10 orcs
  2 giant cockroaches
  12 goblins
  6 hobgoblins
  4 jackals (D:1)
  4 bats
  2 frilled lizards
  3 kobolds (D:2)
  9 rats
70 creatures vanquished.

Notes
Turn   | Place    | Note
-------+----------+-------------------------------------------
     0 | D:1      | Ymberti the Deep Elf Fire Elementalist began the quest for the Orb.
     0 | D:1      | Reached XP level 1. HP: 10/10 MP: 6/6
   260 | D:1      | Reached XP level 2. HP: 8/15 MP: 5/8
   630 | D:1      | Reached XP level 3. HP: 11/19 MP: 7/9
  1309 | D:2      | Reached XP level 4. HP: 8/24 MP: 7/11
  1461 | D:2      | Found a stormy altar of Qazlal.
  1568 | D:2      | Learned a level 2 spell: Throw Flame
  1572 | D:2      | Learned a level 3 spell: Conjure Flame
  1585 | D:2      | Found an opulent altar of Gozag.
  1799 | D:2      | Noticed Terence
  1827 | D:2      | Killed Terence
  1827 | D:2      | Reached skill level 1 in Polearms
  2016 | D:3      | Reached XP level 5. HP: 28/28 MP: 5/13
  2027 | D:3      | HP: 1/28 [orc priest/divine providence (9)]
  2241 | D:3      | Noticed Thaneod's ghost (amateur MiFi)
  2965 | D:3      | Found a basalt altar of Yredelemnul.
  3049 | D:3      | Killed from afar by an orc priest

Skill      XL: |  1  2  3  4  5 |
---------------+----------------+-----
Fire Magic     | 4 |  4.7
Stealth        | 3 |  3.5
Polearms       | 1 |  1.2
Spellcasting   | 4 |  4.8
Dodging        | 3 |  3.3
Fighting       | |  0.7
Conjurations   | |  1.8

Action                   |  1- 3 |  4- 6 || total
-------------------------+-------+-------++-------
Melee: Spear             |    55 |    78 ||   133
       Dagger            |       |     3 ||     3
 Cast: Flame Tongue      |    35 |    73 ||   108
       Throw Flame       |       |    15 ||    15
       Conjure Flame     |       |     4 ||     4
  Use: Scroll            |     2 |     1 ||     3
       Potion            |       |     3 ||     3
 Stab: Sleeping          |     2 |     4 ||     6
  Eat: Royal jelly       |     1 |       ||     1
       Bread ration      |       |     1 ||     1
       Meat ration       |       |     1 ||     1
Armor: Robe              |    15 |    15 ||    30
Dodge: Dodged            |    55 |    59 ||   114
